 Dungeon Crawl Stone Soup version 0.28-a0-1510-gd0f6b136d3 (webtiles) character file.

Game seed: 3481272513637573230

42 frimble the Cutter (level 3, -1/27 HPs)
             Began as a Demonspawn Warper on Jan 16, 2022.
             Succumbed to an adder's poison
             ... on level 3 of the Dungeon.
             The game lasted 00:01:31 (1535 turns).

frimble the Cutter (Demonspawn Warper)              Turns: 1535, Time: 00:01:32

Health: -1/27      AC:  3    Str: 17    XL:     3   Next: 35%
Magic:  13/15      EV: 11    Int: 16    God:
Gold:   85         SH:  0    Dex: 12    Spells: 4/6 levels left

rFire   . . .      SeeInvis .   a - +0 short sword
rCold   . . .      Faith    .   (no shield)
rNeg    . . .      Spirit   +   b - +0 leather armour
rPois   .          Reflect  .   (no helmet)
rElec   .          Harm     .   (no cloak)
rCorr   .          Rampage  .   (no gloves)
Will    .....                   (no boots)
Stlth   +.........              (no amulet)
HPRegen 0.09/turn               e - ring of magical power
MPRegen 0.28/turn               f - +6 ring of strength

@: lethally poisoned (-1 -> -10), hasted, very quick
A: magic shield, magic regeneration
a: no special abilities


You were on level 3 of the Dungeon.
You visited 1 branch of the dungeon, and saw 3 of its levels.

You collected 85 gold pieces.

Inventory:

Hand Weapons
 a - a +0 short sword (weapon)
Missiles
 d - 2 boomerangs of dispersal (quivered)
Armour
 b - a +0 leather armour (worn)
Jewellery
 e - a ring of magical power (left hand)
 f - a +6 ring of strength (right hand)
Scrolls
 c - a scroll of blinking
Potions
 h - a potion of haste


   Skills:
 - Level 2.0 Fighting
 + Level 3.5 Short Blades
 - Level 0.8 Throwing
 - Level 0.8 Armour
 - Level 1.7 Dodging
 - Level 2.0 Spellcasting
 - Level 2.6 Translocations


You had 4 spell levels left.
You knew the following spells:

 Your Spells              Type           Power      Damage    Failure   Level
a - Blink                 Tloc           20%        N/A       12%         2

Your spell library contained the following spells:

 Spells                   Type           Power      Damage    Failure   Level
 Gell's Gravitas          Tloc           10%        N/A       24%         3
 Lesser Beckoning         Tloc           10%        N/A       24%         3
 Teleport Other           Tloc           10%        N/A       24%         3
 Manifold Assault         Tloc           10%        N/A       92%         5


Dungeon Overview and Level Annotations

Branches:
Dungeon (3/15)

Altars:

Shops:
D:2 !


Innate Abilities, Weirdness & Mutations

When hurt, damage is shared between your health and your magic reserves.
You regenerate magic rapidly.


Message History

The adder is almost dead.
You feel sick. The adder bites you.
You miss the adder.
The adder is almost dead.
You feel sick. The adder bites you.
You are more poisoned.
The adder poisons you! The adder bites you but does no damage.
You are too injured to fight recklessly!
You are too injured to fight recklessly!
You are too injured to fight recklessly!
You are too injured to fight recklessly!
You are too injured to fight recklessly!
You are too injured to fight recklessly!
You are too injured to fight recklessly!
You are too injured to fight recklessly!
You completely miss the adder.
The adder is almost dead.
You feel very sick. The adder bites you.
You are lethally poisoned!
The adder poisons you!
You miss the adder.
The adder is almost dead.
You feel very sick. The adder bites you.
You are more poisoned.
The adder poisons you!
You hit the adder.
You kill the adder!
* * * LOW HITPOINT WARNING * * *
You feel very sick.
You hit the endoplasm but do no damage.
* * * LOW HITPOINT WARNING * * *
You feel sick. The endoplasm barely misses you.
It was a potion of cancellation.
You feel magically purged.
* * * LOW HITPOINT WARNING * * *
You feel very sick.
The endoplasm hits you but does no damage.
It was a potion of haste.
You feel yourself speed up.
You die...

..# #.# #.#
.########.#
.......<..########
.########........#
#####..#####.#
###......#
.......@.#
###.####J# .. ..#
## ... ##.. ...
.... .....


You could see an endoplasm.

Vanquished Creatures
  An adder (D:3)
  4 endoplasms
  3 giant cockroaches (D:2)
  2 goblins (D:1)
  4 hobgoblins
  2 jackals (D:1)
  2 kobolds (D:2)
  3 ball pythons (D:1)
  3 bats (D:1)
  A frilled lizard (D:1)
  4 rats (D:1)
29 creatures vanquished.

Vanquished Creatures (others)
  12 plants (D:2)
12 creatures vanquished.

Grand Total: 41 creatures vanquished

Notes
Turn   | Place    | Note
-------+----------+-------------------------------------------
     0 | D:1      | frimble the Demonspawn Warper began the quest for the Orb.
     0 | D:1      | Reached XP level 1. HP: 16/16 MP: 3/3
   165 | D:1      | Reached skill level 2 in Short Blades
   272 | D:1      | Gained mutation: You regenerate magic rapidly. [demonic
                  | ancestry]
   272 | D:1      | Reached XP level 2. HP: 7/22 MP: 4/5
   279 | D:1      | Learned a level 2 spell: Blink
   738 | D:1      | Reached skill level 3 in Short Blades
  1397 | D:2      | Gained mutation: When hurt, damage is shared between your
                  | health and your magic reserves. [demonic ancestry]
  1397 | D:2      | Reached XP level 3. HP: 27/27 MP: 6/6
  1405 | D:2      | Found Agix Wox's Distillery.
  1534 | D:3      | HP: 1/27 [poisoned by an adder]
  1535 | D:3      | Succumbed to an adder's poison

Illustrated notes

Levels and vault maps discovered:
D:1:      wander_arrival_fairy_ring, layout_basic
D:2:      layout_rooms, basic_altar, serial_shops, nicolae_lakefront_shop,
          nicolae_grassy_gnolls, uniq_terence
D:3:      layout_loops_ring, ebering_ecumenical_altar_petrified,
          gammafunk_ghost_abyssal_escape, grunt_ministairs_13

Skill      XL: |  1  2 |
---------------+-------+-----
Short Blades   | 2 3 |  3.5
Fighting       | |  2.0
Throwing       | |  0.8
Armour         | |  0.8
Dodging        | |  1.7
Spellcasting   | |  2.0
Translocations | |  2.6

Action                   || total
-------------------------++-------
Melee: Short sword       ||   128
       Punch             ||     1
Throw: Boomerang         ||     3
  Use: Potion            ||     2
Armor: Leather armour    ||    42
Dodge: Dodged            ||    74

Table legend: (Time is in decaauts)
 A = Elapsed time spent in this place.
 B = Non-inter-level travel time spent in this place.
 C = Inter-level travel time spent in this place.
 D = Time resting spent in this place.
 E = Time spent auto-exploring this place.
 F = Levels seen in this place.
 G = Mean time per level.
                   A        B        C        D        E       F      G
               +--------+--------+--------+--------+--------+-----+--------+
         Total |   1528 |   1515 |     13 |      0 |   1246 |   3 |  509.3 |
       Dungeon |   1528 |   1515 |     13 |      0 |   1246 |   3 |  509.3 |
               +--------+--------+--------+--------+--------+-----+--------+

Top non-repeatable levels by time:
     D:1: 1265 daAuts
     D:2: 239 daAuts
     D:3: 23 daAuts
